 Dungeon Crawl Stone Soup version 0.30-b1-2-g02819fbbbe (webtiles) character file.

Game seed: 16178957138133971384

2125 Fartwhistle the Changer (level 9, -5/84 HPs)
             Began as an Octopode Transmuter on June 6, 2023.
             Was an Elder of Cheibriados.
             Slain by a troll (7 damage)
             ... on level 8 of the Dungeon.
             The game lasted 00:14:31 (6525 turns).

Fartwhistle the Changer (Octopode Transmuter)       Turns: 6525, Time: 00:14:32

Health: -5/84      AC: 24    Str: 18    XL:     9   Next: 29%
Magic:  11/17      EV:  2    Int: 28    God:    Cheibriados [****..]
Gold:   308        SH:  0    Dex: 22    Spells: 9/19 levels left

rFire   + .          .
                       - Unarmed
rCold   . . .        (no shield)
rNeg    + . .        (helmet currently unavailable)
rPois   +            (no amulet)
rElec   .            c - ring of positive energy
rCorr   +            d - ring of resist corrosion
SInv    .            j - ring of protection from fire
Will    .....        (no ring)
Stlth   ++           (no ring)
HPRegen 0.34/turn    (no ring)
MPRegen 0.15/turn    (no ring)
                     (no ring)

%: no passive effects
@: tree-form, very slow
A: stationary, stasis, torment immunity, boosted hp, almost no armour,
(amphibious), 8 rings, (camouflage 1), (gelatinous body 1), (nimble swimmer 1),
(tentacles)
a: Renounce Religion, Bend Time, Temporal Distortion, Slouch


You were on level 8 of the Dungeon.
You worshipped Cheibriados.
Cheibriados was greatly pleased with you.
You were a tree.
You visited 1 branch of the dungeon, and saw 8 of its levels.

You collected 308 gold pieces.

Inventory:

Missiles
 q - 2 curare-tipped darts
Jewellery
 c - a ring of positive energy (left branch)
 d - a ring of resist corrosion (right branch)
 j - a ring of protection from fire (on tentacle)
 o - a ring of positive energy
Wands
 u - a wand of digging (4)
Scrolls
 b - 2 scrolls of vulnerability
 i - 3 scrolls of enchant armour {unknown}
 k - 2 scrolls of enchant weapon
 m - 3 scrolls of teleportation {unknown}
 n - 2 scrolls of fear
 r - a scroll of poison {unknown}
 s - a scroll of immolation
Potions
 e - a potion of invisibility {unknown}
 f - a potion of heal wounds
 g - a potion of flight {unknown}
 h - 6 potions of curing
 l - a potion of attraction {unknown}
 p - a potion of brilliance {unknown}
 t - 2 potions of resistance
 v - 3 potions of berserk rage {unknown}
 x - 2 potions of degeneration {unknown}


   Skills:
 - Level 3.0 Fighting
 - Level 5.0 Dodging
 + Level 5.2 Unarmed Combat
 + Level 5.6 Spellcasting
 + Level 6.6 Transmutations
 - Level 2.0 Ice Magic
 - Level 2.0 Poison Magic
 + Level 3.0 Invocations


You had 9 spell levels left.
You knew the following spells:

 Your Spells              Type           Power      Damage    Failure   Level
a - Beastly Appendage     Tmut           90%        N/A       1%          1
b - Wereblood             Tmut           45%        N/A       1%          2
c - Spider Form           Tmut/Pois      32%        N/A       3%          3
d - Ice Form              Ice/Tmut       32%        N/A       11%         4

Your spell library contained the following spells:

 Spells                   Type           Power      Damage    Failure   Level
 Magic Dart               Conj           28%        1d4       6%          1
 Shock                    Conj/Air       28%        1d4       6%          1
 Ignite Poison            Fire/Tmut/Pois 24%        N/A       6%          3
 Searing Ray              Conj           14%        2d5       10%         2
 Swiftness                Air            7%         N/A       19%         3
 Airstrike                Air            3%         2d(1-17)  52%         4
 Fulminant Prism          Conj/Hex       3%         3d5       52%         4
 Sticky Flame             Conj/Fire      7%         2d3       52%         4
 Ignition                 Fire           3%         3d4       100%        8


Dungeon Overview and Level Annotations

Branches:
Dungeon (8/15)             Temple (0/1) D:4
   Lair: D:8-11

Altars:
Cheibriados
Dithmenos
Elyvilon
Makhleb
Okawaru
Qazlal
Ru
Wu Jian
The Shining One

Shops:
D:2 (

Annotations:
D:3 exclusion: downstairs
D:5 exclusion: 2 downstairs
D:7 Menkaure


Innate Abilities, Weirdness & Mutations

You are a tree.
Your roots penetrate the ground, keeping you stationary.
You cannot be teleported.
You are immune to unholy pain and torment.
Your maximum health is greatly increased.
You cannot wear most types of armour.
((You are amphibious.))
You can wear up to eight rings at the same time.
((Your skin changes colour to match your surroundings (Stealth+).))
((Your rubbery body absorbs attacks. (AC +1, EV +1)))
((You are camouflaged when in or above water. (Stealth+)))
((You have tentacles for arms and can constrict up to eight enemies at once.))


Message History

You hit the troll but do no damage.
The troll is heavily wounded.
The orc closely misses you. The wolf bites you but does no damage.
The troll bites you! The troll claws you!
* * * LOW HITPOINT WARNING * * *
The troll barely misses you.
Unknown command.
Really quaff the potion of lignification?
You warm up again.
You turn into a tree.
Your roots penetrate the ground.
The wolf bites you!
* * * LOW HITPOINT WARNING * * *
The orc hits you but does no damage. The troll bites you!
* * * LOW HITPOINT WARNING * * *
The troll claws you but does no damage. The troll completely misses you.
Unknown command.
You feel much better. The wolf bites you. The orc completely misses you.
The troll bites you but does no damage. The troll barely misses you.
The troll claws you.
You pummel the troll!!
The troll is almost dead.
The wolf bites you but does no damage. The orc hits you with a +0 mace.
The troll barely misses you.
The troll claws you but does no damage. x2
You barely miss the troll.
The troll is almost dead.
The wolf bites you!
* * * LOW HITPOINT WARNING * * *
The orc hits you but does no damage. The troll bites you.
* * * LOW HITPOINT WARNING * * *
The troll claws you!
* * * LOW HITPOINT WARNING * * *
The troll claws you.
* * * LOW HITPOINT WARNING * * *
You barely miss the troll.
The troll is almost dead.
The wolf bites you.
* * * LOW HITPOINT WARNING * * *
The orc hits you with a +0 mace.
* * * LOW HITPOINT WARNING * * *
The troll bites you!
You die...

#.#.#.......###
#.#.#########
#.#.........
#.#†.######
#########.#..##
#.......#.#...#
........#.##..#
........#.....#
......./#♣###.#.#
........hTo.....#
.........o...####
~..###.......# ~.
#........# .
#.......[+
..........#
......######
......#


You could see a troll, a wolf (slow) and 2 orcs.

Vanquished Creatures
  Eustachio (D:6)
  4 vampire mosquitoes (D:8)
  An orc warrior (D:8)
  A black bear (D:4)
  2 ogres (D:5)
  A centaur (D:5)
  A kobold brigand (D:6)
  4 bullfrogs (D:8)
  A gnoll sergeant (D:6)
  2 scorpions
  A howler monkey (D:8)
  5 hounds
  A jelly (D:4)
  2 iguanas
  An orc wizard (D:5)
  11 adders
  7 gnolls
  2 ufetubi
  3 dart slugs
  4 orcs
  A bat (D:2)
  6 endoplasms
  4 giant cockroaches
  6 goblins
  3 hobgoblins
  19 jackals
  9 ball pythons
  A frilled lizard (D:2)
  11 kobolds
  2 rats
117 creatures vanquished.

Vanquished Creatures (others)
  A butterfly (D:6)
1 creature vanquished.

Grand Total: 118 creatures vanquished

Notes
Turn   | Place    | Note
-------+----------+-------------------------------------------
     0 | D:1      | Fartwhistle the Octopode Transmuter began the quest for the
                  | Orb.
     0 | D:1      | Reached XP level 1. HP: 13/13 MP: 3/3
   117 | D:1      | Reached XP level 2. HP: 15/18 MP: 3/5
   590 | D:1      | Reached XP level 3. HP: 19/23 MP: 6/6
   593 | D:1      | Learned a level 2 spell: Wereblood
   597 | D:1      | Learned a level 3 spell: Spider Form
  1013 | D:2      | Reached skill level 3 in Transmutations
  1020 | D:2      | Found a shadowy altar of Dithmenos.
  1142 | D:2      | Found Iwu Wiud's Weapon Emporium.
  1248 | D:2      | Reached XP level 4. HP: 26/28 MP: 3/8
  1395 | D:2      | Found a faded altar of an unknown god.
  1398 | D:2      | Reached skill level 4 in Transmutations
  1570 | D:2      | Prayed at the altar of an unknown god.
  1570 | D:2      | Became a worshipper of Cheibriados the Contemplative
  1570 | D:2      | Reached * piety under Cheibriados
  1626 | D:3      | Reached XP level 5. HP: 30/33 MP: 9/9
  2003 | D:3      | You fall into a shaft and drop 1 floor!
  2006 | D:4      | Found a shadowy altar of Dithmenos.
  2356 | D:3      | Reached ** piety under Cheibriados
  2480 | D:3      | Reached skill level 1 in Poison Magic
  2794 | D:4      | Noticed a black bear
  2851 | D:4      | Found a snail-covered altar of Cheibriados.
  2877 | D:4      | Reached XP level 6. HP: 35/39 MP: 10/10
  2905 | D:4      | Reached skill level 1 in Invocations
  2982 | D:4      | Found an iron altar of Okawaru.
  3018 | D:4      | Killed a black bear
  3186 | D:4      | Found a staircase to the Ecumenical Temple.
  3478 | D:4      | Reached skill level 5 in Transmutations
  3556 | D:4      | Learned a level 4 spell: Ice Form
  3559 | D:5      | Entered Level 5 of the Dungeon
  3577 | D:5      | Reached XP level 7. HP: 45/45 MP: 9/12
  3709 | D:5      | Reached skill level 1 in Ice Magic
  3933 | D:5      | Reached *** piety under Cheibriados
  5095 | D:6      | Noticed Eustachio
  5107 | D:6      | Killed Eustachio
  5108 | D:6      | Reached XP level 8. HP: 52/52 MP: 10/14
  5203 | D:6      | Found a white marble altar of Elyvilon.
  5309 | D:6      | Found a sacrificial altar of Ru.
  5475 | D:6      | Found an ornate altar of the Wu Jian Council.
  5587 | D:6      | Found a stormy altar of Qazlal.
  5914 | D:7      | Noticed Menkaure
  6149 | D:8      | Reached skill level 5 in Spellcasting
  6149 | D:8      | Reached skill level 6 in Transmutations
  6155 | D:8      | Reached XP level 9. HP: 51/56 MP: 6/17
  6160 | D:8      | Reached skill level 5 in Dodging
  6160 | D:8      | Reached skill level 5 in Unarmed Combat
  6316 | D:8      | Found a burning altar of Makhleb.
  6345 | D:8      | Reached **** piety under Cheibriados
  6392 | D:8      | Found a glowing golden altar of the Shining One.
  6495 | D:8      | Noticed a troll
  6521 | D:8      | HP: 2/84 [troll (9)]
  6525 | D:8      | Slain by a troll

Illustrated notes

Levels and vault maps discovered:
D:1:      wheals_arrival_shading, layout_loops_ring, minmay_crystal_water,
          kennysheep_minor_cross, supply_closet_lemuel,
          chequers_serial_rivers_room_a, minmay_worlds_worst_comb
D:2:      layout_basic, serial_shops, shop, nicolae_ecumenical_lake_church,
          basic_altar
D:3:      layout_basic, minmay_goblin_kobold_house
D:4:      layout_rooms, nicolae_dithmenos_shadow_blocks,
          mainiacjoe_overflow_alcove_4, old_standard_altar,
          minmay_temple_entry_mist, serial_curves, eino_curves_02,
          eino_curves_02, minmay_misc_feat_more_columns
D:5:      layout_rooms
D:6:      layout_cave_pools, mainiacjoe_overflow_paths,
          nicolae_elyvilon_peaceful_grove, nicolae_qazlal_general_emergency,
          mainiacjoe_overflow_surrounded_room, eino_tiny_chamber, uniq_eustachio
D:7:      layout_rooms, nicolae_gozag_cash_rules_everything_around_me,
          kennysheep_generic_room_9, uniq_menkaure
D:8:      layout_basic, lightli_temple_of_fire, general_overflow_altar,
          erik_lair_island, special_room [special_room_orc], uniq_joseph,
          uniq_grum

Skill      XL: |  1  2  3  4  5  6  7  8  9 |
---------------+----------------------------+-----
Transmutations | 3 4 5 6 |  6.6
Spellcasting   | 3 4 5 |  5.6
Poison Magic   | 1 2 |  2.0
Invocations    | 1 2 3 |  3.0
Fighting       | 2 3 |  3.0
Ice Magic      | 2 |  2.0
Dodging        | 3 4 5 |  5.0
Unarmed Combat | 4 5 |  5.2

Action                     |  1- 3 |  4- 6 |  7- 9 || total
---------------------------+-------+-------+-------++-------
  Melee: Unarmed           |    68 |   124 |   154 ||   346
         Constrict         |    20 |    19 |     6 ||    45
         Tentacles         |    10 |    10 |     6 ||    26
         Kick              |    10 |     4 |       ||    14
         Punch             |     2 |     2 |       ||     4
  Throw: Dart              |       |       |     1 ||     1
   Cast: Beastly Appendage |     6 |     1 |       ||     7
         Wereblood         |     1 |     1 |     3 ||     5
         Spider Form       |       |     9 |     5 ||    14
         Ice Form          |       |       |    15 ||    15
 Invoke: Bend Time         |       |       |     1 ||     1
    Use: Scroll            |       |     5 |     4 ||     9
         Potion            |       |       |     2 ||     2
   Stab: Sleeping          |     6 |     9 |     1 ||    16
 Armour: Skin              |     3 |    11 |    61 ||    75
  Dodge: Dodged            |    47 |    94 |   161 ||   302
